 Dungeon Crawl Stone Soup version 0.23-a0-629-gae4348f (webtiles) character file.

3287 wazuzu the Basher (level 10, -5/73 (74) HPs)
             Began as a Formicid Abyssal Knight on Dec 25, 2018.
             Was an Elder of Lugonu.
             Killed by divine providence
             ... invoked by an orc priest
              (12 damage)
             ... on level 7 of the Dungeon.
             The game lasted 00:15:01 (6889 turns).

wazuzu the Basher (Formicid Abyssal Knight)         Turns: 6889, Time: 00:15:02

HP:   -5/73 (74)    AC: 10    Str: 20    XL:     10   Next: 20%
MP:   0/11          EV:  7    Int: 12    God:    Lugonu [****..]
Gold: 274           SH:  0    Dex: 10    Spells: 9/9 levels left

rFire    . . .     SeeInvis +   a - +1 mace (elec)
rCold    . . .     Gourm    .   (no shield)
rNeg     . . .     Faith    .   d - +2 chain mail {MR+}
rPois    .         Spirit   +   (helmet unavailable)
rElec    .         Reflect  .   j - scarf {Spirit}
rCorr    .         Harm     .   (no gloves)
MR       ++...                  (no boots)
Stlth    ..........             (no amulet)
HPRegen  0.22/turn              (no ring)
MPRegen  0.12/turn              (no ring)

@: no status effects
A: permanent stasis, dig shafts and tunnels, four strong arms, antennae 3
a: Dig, Shaft Self, Depart the Abyss, Bend Space, Banish, Corrupt, Renounce
Religion


You were on level 7 of the Dungeon.
You worshipped Lugonu.
Lugonu was greatly pleased with you.
You were not hungry.

You visited 1 branch of the dungeon, and saw 7 of its levels.
You visited the Abyss 1 time.

You collected 409 gold pieces.
You spent 135 gold pieces at shops.

Inventory:

Hand Weapons
 a - a +1 mace of electrocution (weapon)
Missiles
 i - 217 stones (quivered)
 n - a throwing net
Armour
 d - a +2 chain mail of magic resistance (worn)
 j - a scarf of spirit shield (worn)
Wands
 s - a wand of paralysis (7)
 w - a wand of random effects (13)
Scrolls
 f - a scroll of fog
 h - 3 scrolls of identify
 l - a scroll of remove curse
 q - a scroll of fear
 r - 2 scrolls of enchant armour
Potions
 b - a potion of mutation
 e - a potion of invisibility
 g - 3 potions of flight
 k - a potion of brilliance
 m - 2 potions of might
 o - a potion of cancellation
 p - 2 potions of heal wounds
 t - a potion of agility
 v - a potion of magic {unknown}
Comestibles
 c - 11 rations
 u - 2 chunks of flesh


   Skills:
 * Level 5.3 Fighting
 + Level 12.9 Maces & Flails
 - Level 2.1 Armour
 - Level 0.8 Dodging
 - Level 2.1 Invocations


You had 9 spell levels left.
You didn't know any spells.
Your spell library was empty.

Dungeon Overview and Level Annotations

Branches:
Dungeon (7/15)             Temple (0/1) D:7

Altars:
Ashenzari
Dithmenos
Gozag
Kikubaaqudgha
Nemelex Xobeh
Okawaru
Vehumet
Wu Jian

Shops:
D:6 !


Innate Abilities, Weirdness & Mutations

You cannot be hasted, slowed, berserked, paralysed or teleported.
You can dig through walls and to a lower floor.
Your four strong arms can wield two-handed weapons with a shield.
You have a pair of large antennae on your head. (SInv)


Message History

The orc hits you with a +0 whip of electrocution!
The orc warrior closely misses you!
The orc priest casts a cantrip, but nothing happens!
You barely miss the orc priest! The orc barely misses you!
The orc warrior barely misses you!
The orc priest hits you but does no damage!
You closely miss the orc priest! The orc hits you but does no damage!
You flatten the orc priest but do no damage!
The orc warrior hits you with a +0 dire flail!!!!!!
The orc priest hits you but does no damage!
The orc barely misses you!
You pound the orc priest but do no damage!
The orc priest calls down the wrath of Beogh upon you!
Beogh smites you!!! * * * don't die
* * * The orc warrior hits you with a +0 dire flail!!! * * * don't die
* * * The orc priest mumbles some strange prayers to Beogh against you!
Beogh smites you!!! rip

.....#....................#.##...
.....#..# #.............#÷.......
.......## #............##........
..⌠..#..###......................
.....##..##...................##.
.#.#..##..#................<..#
##.##..##.....#..#..........#....
#...##......####.#..........#..#.
..>....⌠....####@#.........###...
#...##......##.oo............ ...
##.##..##....Wo#...........#. #.
.#.#..##.....)o#........##.#
.....##......###..#..#####...
..⌠..#.......############ ..
..............#.#.# #.#.##...
................<.###........
...............##§.##........


You could see a phantom, an orc warrior, an orc priest and 2 orcs.

Vanquished Creatures
  A troll (D:7)
  A hippogriff (D:6)
  Sigmund (D:3)
  Menkaure (D:6)
  A water moccasin (D:7)
  A necrophage (D:6)
  3 phantoms
  3 ogres
  2 centaurs
  A bullfrog (D:6)
  2 gnoll sergeants (D:5)
  3 scorpions
  4 killer bees (D:7)
  4 wights
  5 crimson imps
  4 hounds
  3 orc priests
  A centaur skeleton (D:5)
  Natasha (D:2)
  4 iguanas
  6 orc wizards
  3 worker ants (D:4)
  A hound zombie (D:5)
  A hound skeleton (D:7)
  A worker ant zombie (D:7)
  7 gnolls (D:5)
  7 adders
  2 oozes (D:1)
  A worm (D:3)
  2 adder skeletons (D:4)
  2 dart slugs
  3 leopard geckos
  30 orcs
  9 bats
  A giant cockroach (D:4)
  9 goblins
  9 hobgoblins
  6 quokkas
  A ball python (D:2)
  5 frilled lizards
  6 kobolds
  A quokka skeleton (D:6)
  4 rats
  5 plants (D:3)
168 creatures vanquished.

Notes
Turn   | Place    | Note
-------+----------+-------------------------------------------
     0 | Abyss:1  | wazuzu the Formicid Abyssal Knight began the quest for the
                  | Orb.
     0 | Abyss:1  | Reached XP level 1. HP: 18/18 MP: 2/2
    72 | Abyss:2  | Noticed a small abomination
    86 | Abyss:2  | Noticed a scorpion
    92 | D:1      | Escaped the Abyss
   643 | D:1      | Reached XP level 2. HP: 20/24 MP: 3/3
   650 | D:1      | Reached skill level 3 in Maces & Flails
   812 | D:1      | Reached XP level 3. HP: 29/29 MP: 4/4
   840 | D:1      | Reached * piety under Lugonu
  1345 | D:2      | Found an iron altar of Okawaru.
  1511 | D:2      | Found an ancient bone altar of Kikubaaqudgha.
  1511 | D:2      | Found an ornate altar of the Wu Jian Council.
  1512 | D:2      | Found a radiant altar of Vehumet.
  1610 | D:2      | Noticed Natasha
  1615 | D:2      | Reached skill level 4 in Maces & Flails
  1615 | D:2      | Reached XP level 4. HP: 35/35 MP: 5/5
  1618 | D:2      | Killed Natasha
  1754 | D:3      | Found a shattered altar of Ashenzari.
  1765 | D:3      | Reached XP level 5. HP: 37/41 MP: 6/6
  1858 | D:3      | Reached ** piety under Lugonu
  1858 | D:3      | Reached skill level 5 in Maces & Flails
  2132 | D:3      | Noticed Sigmund
  2149 | D:3      | Killed Sigmund
  2149 | D:3      | Reached skill level 6 in Maces & Flails
  2149 | D:3      | Reached XP level 6. HP: 34/47 MP: 4/7
  2889 | D:4      | Found an opulent altar of Gozag.
  2995 | D:4      | Reached XP level 7. HP: 25/52 MP: 5/8
  3340 | D:4      | Reached skill level 7 in Maces & Flails
  4069 | D:4      | Reached skill level 8 in Maces & Flails
  4087 | D:4      | Reached XP level 8. HP: 55/58 MP: 7/9
  4220 | D:5      | Entered Level 5 of the Dungeon
  4252 | D:5      | Reached *** piety under Lugonu
  4262 | D:5      | Reached skill level 9 in Maces & Flails
  4373 | D:5      | Found a sparkling altar of Nemelex Xobeh.
  4379 | D:5      | Found a shadowy altar of Dithmenos.
  4493 | D:5      | Reached skill level 10 in Maces & Flails
  4541 | D:5      | Found an iron altar of Okawaru.
  4912 | D:5      | Reached XP level 9. HP: 41/64 MP: 7/10
  5046 | D:6      | Reached skill level 11 in Maces & Flails
  5220 | D:6      | Reached **** piety under Lugonu
  5364 | D:6      | Noticed a hippogriff
  5717 | D:6      | Found Gis Noss's Distillery.
  5720 | D:6      | Bought a potion of heal wounds for 75 gold pieces
  5720 | D:6      | Bought a potion of agility for 60 gold pieces
  5829 | D:6      | Noticed Menkaure
  5836 | D:6      | Killed Menkaure
  5836 | D:6      | Reached skill level 12 in Maces & Flails
  6033 | D:6      | Killed a hippogriff
  6330 | D:7      | Noticed a troll
  6335 | D:7      | Killed a troll
  6403 | D:7      | Found a staircase to the Ecumenical Temple.
  6436 | D:7      | Reached XP level 10. HP: 69/69 MP: 11/11
  6703 | D:7      | Reached skill level 5 in Fighting
  6889 | D:7      | Killed from afar by an orc priest

Vault maps used:
D:1:      tarquinn_simple_flora_water_b, kennysheep_pointless_box,
          grunt_decor_arrowhead, chequers_serial_rivers_large_b
D:2:      gammafunk_temple_overflow_claw, minivault_25,
          okawaru_ov_weapons_minmay, uniq_natasha
D:3:      wad_woods_stonehenge, uniq_sigmund
D:4:      nicolae_gozag_seed_capital, corexii_hall_statues_l
D:5:      grunt_dithmenos_smoke_and_mirrors, kennysheep_mini_moat, first_ration,
          serial_bayou_ford_a, nemelex_xobeh_ov_fountains_minmay
D:6:      cheibrodos_helix_gallery, serial_shops, shop, portal_sewer_entry_e,
          uniq_menkaure
D:7:      minmay_temple_entry_waves, serial_shops, kennysheep_mini

Skill      XL: |  1  2  3  4  5  6  7  8  9 10 |
---------------+-------------------------------+-----
Maces & Flails | 3 4 6 8 10 12 | 12.9
Fighting       | 5 |  5.3
Armour         | |  2.1
Dodging        | |  0.8
Invocations    | |  2.1

Action                   |  1- 3 |  4- 6 |  7- 9 | 10-12 || total
-------------------------+-------+-------+-------+-------++-------
Melee: Mace              |    75 |   154 |   344 |    61 ||   634
Invok: Depart the Abyss  |     1 |       |       |       ||     1
  Use: Scroll            |    14 |     1 |     5 |       ||    20
       Potion            |       |       |     1 |     1 ||     2
 Stab: Invisible         |       |       |       |     6 ||     6
  Eat: Chunk             |     2 |     5 |    11 |     2 ||    20
Armor: Chain mail        |    49 |    74 |   196 |    21 ||   340
Dodge: Dodged            |    31 |    35 |   133 |    29 ||   228

Table legend:
 A = Non-vault XP
 B = Vault XP
 C = Vault XP percentage of total XP
 D = Non-vault monster count
 E = Vault monster count
 F = Vault count percentage of total count
                 A         B        C        D         E       F
            +---------+---------+-------+---------+---------+-------
      Total |    4201 |     496 |  10.6 |     152 |      11 |   6.7
            +---------+---------+-------+---------+---------+-------
        D:1 |      39 |       0 |   0.0 |      17 |       0 |   0.0
        D:2 |      35 |      37 |  51.4 |      13 |       1 |   7.1
        D:3 |      58 |     246 |  80.9 |      23 |       7 |  23.3
        D:4 |     664 |       0 |   0.0 |      29 |       0 |   0.0
        D:5 |    1009 |       0 |   0.0 |      34 |       0 |   0.0
        D:6 |    1225 |     213 |  14.8 |      20 |       3 |  13.0
        D:7 |    1171 |       0 |   0.0 |      16 |       0 |   0.0
            +---------+---------+-------+---------+---------+-------
